 Dungeon Crawl Stone Soup version 0.30-a0-50-gb2d611f6b1 (webtiles) character file.

Game seed: 4723730322276478102

51396 gruber the Necromancer (level 14, -8/103 HPs)
             Began as a Demonspawn Necromancer on Sept 4, 2022.
             Was an Initiate of Yredelemnul.
             Mangled by Rupert
             ... wielding a +3 great mace of holy wrath
              (16 damage)
             ... on level 2 of the Orcish Mines.
             The game lasted 00:39:37 (19626 turns).

gruber the Necromancer (Demonspawn Necromancer)    Turns: 19626, Time: 00:39:38

Health: -8/103     AC: 16    Str:  8    XL:     14   Next: 23%
Magic:  12/26      EV: 14    Int: 31    God:    Yredelemnul [......]
Gold:   1738       SH:  9    Dex: 13    Spells: 21/29 levels left

rFire   . . .      SeeInvis .    S - +9 hand axe "Gemajek" {pain, rC+ Int+4 Dex-2}
rCold   + . .      Faith    .    o - +0 buckler
rNeg    + . .      Spirit   .    C - +2 robe {rN+}
rPois   .          Reflect  .    P - +0 hat {Will+}
rElec   .          Harm     .    (no cloak)
rCorr   .          Rampage  .    c - +0 pair of gloves
Will    ++...                    x - +0 pair of boots
Stlth   ++........               l - amulet of regeneration
HPRegen 1.07/turn                R - +4 ring of protection
MPRegen 0.20/turn                H - +6 ring of intelligence

@: no status effects
A: claws 2, slimy green scales 1, foul stench 2, icemail 1, augmentation 1,
condensation shield
a: Renounce Religion, Recall Undead Harvest


You were on level 2 of the Orcish Mines.
You worshipped Yredelemnul.
Yredelemnul was aware of your devotion.
You visited 4 branches of the dungeon, and saw 18 of its levels.
You also visited: Ossuary.

You collected 1738 gold pieces.

Inventory:

Hand Weapons
 t - the +1 trident of Nyijeufy {freeze, rPois Str+6}
   (You found it on level 4 of the Dungeon)

   It freezes those it strikes, dealing additional cold damage.
   It can also slow down cold-blooded creatures.
   Str:       It affects your strength (+6).
   rPois:     It protects you from poison.
 S - the +9 hand axe "Gemajek" (weapon) {pain, rC+ Int+4 Dex-2}
   (You found it on level 1 of the Lair of Beasts)

   In the hands of one skilled in necromantic magic, it inflicts extra damage on
   living creatures.
   Int:       It affects your intelligence (+4).
   Dex:       It affects your dexterity (-2).
   rC:        It protects you from cold.
Armour
 c - a +0 pair of gloves (worn)
 o - a +0 buckler (worn)
 x - a +0 pair of boots (worn)
 C - a +2 robe of positive energy (worn)
 P - a +0 hat of willpower (worn)
Jewellery
 e - a ring of poison resistance
 l - an amulet of regeneration (around neck)
 z - a ring of resist corrosion
 H - a +6 ring of intelligence (right hand)
 J - an amulet of faith
 R - a +4 ring of protection (left hand)
Wands
 r - a wand of digging (3)
 u - a wand of polymorph (11)
 A - a wand of mindburst (6)
 D - a wand of flame (9)
 M - a wand of roots (20)
 U - a wand of charming (4)
Scrolls
 a - a scroll of butterflies
 f - 3 scrolls of poison {unknown}
 m - 7 scrolls of enchant weapon {unknown}
 p - 3 scrolls of vulnerability {unknown}
 s - 3 scrolls of fear {unknown}
 v - 3 scrolls of enchant armour {unknown}
 w - 2 scrolls of acquirement {unknown}
 y - 5 scrolls of magic mapping {unknown}
 B - 4 scrolls of amnesia {unknown}
 E - 6 scrolls of teleportation
 G - a scroll of brand weapon
 I - 4 scrolls of blinking {unknown}
 K - 2 scrolls of immolation
 L - 3 scrolls of noise {unknown}
 O - a scroll of torment
Potions
 b - 4 potions of magic
 d - 7 potions of curing
 g - 9 potions of mutation
 h - 4 potions of heal wounds
 i - 4 potions of might
 j - 2 potions of cancellation
 k - 4 potions of brilliance
 n - 7 potions of ambrosia
 F - a potion of attraction
 N - 4 potions of flight
 Q - 2 potions of lignification
 T - 4 potions of haste


   Skills:
 - Level 7.3 Fighting
 - Level 0.2 Long Blades
 - Level 9.0 Axes
 - Level 0.2(5.6) Maces & Flails
 - Level 0.2(0.3) Staves
 - Level 0.2 Ranged Weapons
 - Level 0.2 Throwing
 - Level 4.0 Armour
 - Level 6.2 Dodging
 - Level 1.7 Stealth
 - Level 4.1 Shields
 - Level 8.1 Unarmed Combat
 - Level 8.0 Spellcasting
 - Level 0.2 Conjurations
 - Level 0.2 Hexes
 - Level 0.3 Summonings
 * Level 15.3 Necromancy
 - Level 0.2 Translocations
 - Level 0.2 Transmutations
 - Level 0.2 Fire Magic
 - Level 0.2 Ice Magic
 - Level 0.2 Air Magic
 - Level 0.2 Earth Magic
 - Level 0.3 Poison Magic
 - Level 11.0 Invocations
 - Level 0.3 Evocations


You had 21 spell levels left.
You knew the following spells:

 Your Spells              Type           Power      Damage    Failure   Level
a - Necrotise             Necr           100%       1d9       0%          1
b - Vampiric Draining     Necr           82%        2d11      1%          3
c - Anguish               Hex/Necr       28%        N/A       1%          4

Your spell library contained the following spells:

 Spells                   Type           Power      Damage    Failure   Level
 Agony                    Necr           82%        N/A       1%          5
 Apportation              Tloc           26%        N/A       4%          1
 Sandblast                Erth           28%        2d8       4%          1
 Blink                    Tloc           26%        N/A       7%          2
 Ensorcelled Hibernation  Hex/Ice        28%        N/A       7%          2
 Passwall                 Tmut/Erth      11%        N/A       7%          2
 Confusing Touch          Hex            14%        N/A       14%         3
 Gell's Gravitas          Tloc           13%        N/A       14%         3
 Lesser Beckoning         Tloc           13%        N/A       14%         3
 Stone Arrow              Conj/Erth      28%        3d8       14%         3
 Swiftness                Air            13%        N/A       14%         3
 Teleport Other           Tloc           13%        N/A       14%         3
 Tukima's Dance           Hex            14%        N/A       14%         3
 Summon Lightning Spire   Summ/Air       14%        N/A       41%         4
 Airstrike                Air            6%         2d(1-17)  43%         4
 Passage of Golubria      Tloc           13%        N/A       43%         4
 Infestation              Necr           41%        N/A       52%         8
 Alistair's Intoxication  Tmut/Pois      9%         N/A       77%         5
 Lightning Bolt           Conj/Air       7%         1d19      77%         5
 Yara's Violent Unravell  Hex/Tmut       7%         3d5       77%         5
 Manifold Assault         Tloc           13%        N/A       78%         5
 Eringya's Noxious Bog    Tmut/Pois      7%         N/A       100%        6
 Enfeeble                 Hex            7%         N/A       100%        7
 Malign Gateway           Summ/Tloc      7%         N/A       100%        7
 Summon Horrible Things   Summ           7%         N/A       100%        8
 Animate Dead             Necr           Unusable   N/A       N/A         4

Dungeon Overview and Level Annotations

Branches:
Dungeon (10/15)            Temple (1/1) D:6            Lair (5/5) D:8
 Shoals (0/4) Lair:3        Snake (0/4) Lair:2        Slime (0/5) Lair:5
    Orc (2/2) D:10            Elf (0/3) Orc:2       Ossuary (visited)

Altars:
Ashenzari
Cheibriados
Dithmenos
Fedhas
Gozag
Hepliaklqana
Kikubaaqudgha
Makhleb
Nemelex Xobeh
Okawaru
Qazlal
Ru
Sif Muna
Trog
Uskayaw
Vehumet
Wu Jian
Xom
Yredelemnul
Jiyva

Shops:
D:6 [   D:9 [   D:10 [*

Annotations:
D:9 Fannar
Lair:5 1 runed translucent door
Orc:1 1 runed translucent door, Soratza's ghost, journeyman MiFi
Orc:2 Rupert


Innate Abilities, Weirdness & Mutations

You have very sharp fingernails.
You are partially covered in slimy green scales. (AC +2)
You sometimes emit foul miasma when damaged in melee.
A meltable icy envelope protects you from harm. (AC +4)
Your magical and physical power is slightly enhanced at high health.
A meltable shield of frost defends you. (SH +4)


Message History

You convulse!
You emit a cloud of foul miasma!
Rupert is wracked by anguish!!
Unknown command.
Unknown command.
Unknown command.
You barely miss Rupert.
Rupert is moderately wounded.
Rupert is engulfed in dark miasma.
Rupert is poisoned.
Rupert hits you with a +3 great mace of holy wrath!!
You convulse!!
* * * LOW HITPOINT WARNING * * *
Rupert is wracked by anguish!!!
Unknown command.
Unknown command.
Casting: Anguish (mildly dangerous; 1% risk of failure)
Confirm with . or Enter, or press ? or * to list all spells.
Aiming: Vampiric Draining (safe; 1% risk of failure)
Press: ? - help, Shift-Dir - straight line, f - Rupert
Aim: Rupert, wielding a +3 great mace of holy wrath and wearing a +0 chain mail (foul pestilence, heavily wounded, berserk, poisoned, anguished)
You draw life force from Rupert!
You feel life coursing into your body.
Rupert is engulfed in dark miasma.
Rupert looks even sicker.
Rupert hits you with a +3 great mace of holy wrath!
* * * LOW HITPOINT WARNING * * *
You convulse!
* * * LOW HITPOINT WARNING * * *
Rupert is wracked by anguish!!
Rupert is engulfed in dark miasma.
Rupert looks even sicker.
Rupert seems to slow down.
You block Rupert's attack.
Unknown command.
Unknown command.
Casting: Vampiric Draining (safe; 1% risk of failure)
Confirm with . or Enter, or press ? or * to list all spells.
Aiming: Vampiric Draining (safe; 1% risk of failure)
Press: ? - help, Shift-Dir - straight line, f/p - Rupert
Aim: Rupert, wielding a +3 great mace of holy wrath and wearing a +0 chain mail (foul pestilence, severely wounded, berserk, very poisoned, slow, anguished)
You draw life force from Rupert.
You feel life coursing into your body. The troll misses you.
You block the troll's attack. The troll claws you but does no damage.
Rupert is engulfed in dark miasma.
Rupert looks as sick as possible!
Rupert hits you with a +3 great mace of holy wrath!
You die...
Your body rises from the dead as a mindless zombie.

#....##..........#........
##.....................#..
#.......................#.
##.........#..........)...
#....................).).
##.......................
##......................
##.##..................
###..@T.......))..))..
##o#@.......)).)))..
##.#Z......)##.##))
#...).......#...#).
#####.#........#)..#..
##.#.#c...).....#...#..
##..>........#...#...#..
#...#.#.#...#....##<##..
##...##o##.#............


You could see Rupert (berserk, extremely poisoned, slow, ally target,
anguished), a troll, an orc and a friendly orc warrior zombie.

Vanquished Creatures
  A fire dragon (Lair:5)
  Erica (D:9)
  A hydra (D:9)
  3 two-headed ogres
  5 death yaks (Lair:3)
  3 deep elf pyromancers (Orc:2)
  A deep elf zephyrmancer (Orc:2)
  7 elephants
  A torpor snail (Lair:3)
  3 black mambas (Lair:5)
  6 cane toads
  3 rime drakes
  5 komodo dragons
  A troll (D:10)
  Grinder (D:4)
  5 blink frogs
  A hornet (D:6)
  A polar bear (Lair:4)
  4 dream sheep (Lair:5)
  A vampire (D:9)
  4 wyverns
  3 basilisks
  17 yaks
  3 wraiths (Lair:3)
  A steam dragon (D:9)
  2 acid dragons (D:9)
  A hell hound (Lair:5)
  9 water moccasins
  18 orc warriors
  An ice beast (D:6)
  2 ogres
  2 black bears
  2 sky beasts
  2 wolves (Lair:1)
  8 centaurs
  A phantom (D:4)
  2 kobold brigands (D:9)
  4 elf zombies (Ossuary)
  A necrophage (D:6)
  4 scorpions
  5 bullfrogs
  A gnoll sergeant (D:9)
  4 wights
  5 killer bees
  A vampire bat (D:4)
  5 howler monkeys
  2 lava snakes (Lair:5)
  3 centaur zombies (Ossuary)
  A human zombie (Ossuary)
  3 orc priests
  A hound (D:5)
  A jelly (D:5)
  Ijyb (D:4)
  3 iguanas
  8 orc wizards
  2 mummies (Ossuary)
  Robin (D:3)
  2 gnolls (D:9)
  7 adders
  3 ufetubi
  A worm (D:4)
  3 dart slugs
  27 orcs
  5 ball pythons
  9 endoplasms
  16 giant cockroaches
  8 hobgoblins
  4 jackals (D:2)
  20 kobolds
  6 quokkas
  14 bats
  6 frilled lizards
  22 goblins
  10 hobgoblin zombies (Ossuary)
  A jackal zombie (Ossuary)
  5 kobold zombies (Ossuary)
  10 orc zombies (Ossuary)
  5 rats
  3 rat zombies (Ossuary)
375 creatures vanquished.

Vanquished Creatures (collateral kills)
  Gastronok (Lair:1)
  Josephine (Lair:3)
  2 hydras (Lair:4)
  A catoblepas (Lair:2)
  2 two-headed ogres
  A death yak (Lair:3)
  5 elephants
  A molten gargoyle (Lair:5)
  A cane toad (Lair:5)
  2 black mambas (Lair:5)
  2 komodo dragons
  9 blink frogs
  8 dream sheep (Lair:5)
  5 wyverns
  A wraith (D:10)
  6 yaks
  6 basilisks
  2 water moccasins
  2 hell hounds (Lair:5)
  2 orc warriors (Orc:2)
  2 black bears (D:8)
  An ogre (D:7)
  2 wolves (Lair:1)
  5 centaurs
  A kobold brigand (D:6)
  4 bullfrogs
  2 lava snakes (Lair:5)
  An orc wizard (D:9)
  A gnoll (D:9)
  An adder (Lair:1)
  9 orcs
  A ball python (D:1)
  An endoplasm (D:1)
  2 goblins
  2 butterflies (Lair:1)
95 creatures vanquished.

Vanquished Creatures (others)
  Urug (Orc:2)
  A lindwurm (Lair:5)
  An orc knight (Orc:2)
  2 deep elf pyromancers (Orc:2)
  2 deep elf zephyrmancers (Orc:2)
  3 elephants (Lair:5)
  A black mamba (Lair:5)
  A molten gargoyle (Lair:5)
  A komodo dragon (Lair:2)
  2 death yak zombies (Lair:3)
  2 trolls
  2 black mamba zombies (Lair:5)
  A basilisk (Lair:5)
  2 yaks (Lair:5)
  2 two-headed ogre zombies (D:9)
  A cane toad zombie (Lair:5)
  2 hell hounds (Lair:5)
  A human zombie (D:9)
  An elephant zombie (Lair:5)
  An orc warrior (Orc:2)
  5 elf zombies (Orc:2)
  5 dream sheep zombies (Lair:5)
  2 blink frog zombies (Lair:5)
  2 wolves (Lair:1)
  A wyvern zombie (Lair:2)
  A hell hound zombie (Lair:5)
  A water moccasin zombie (Lair:1)
  A troll zombie (Orc:2)
  7 yak zombies (Lair:5)
  4 centaur zombies (Orc:2)
  2 bullfrog zombies
  A basilisk zombie (Lair:5)
  A black bear zombie (D:8)
  A lava snake (Lair:5)
  An orc wizard (Orc:2)
  An acid dragon zombie (D:9)
  An adder (Lair:1)
  2 lava snake zombies (Lair:5)
  2 orcs
  2 gnoll zombies (D:9)
  6 kobold zombies (D:9)
  21 orc zombies
  50 fungi
  49 plants
199 creatures vanquished.

Grand Total: 669 creatures vanquished

Notes
Turn   | Place    | Note
-------+----------+-------------------------------------------
     0 | D:1      | gruber the Demonspawn Necromancer began the quest for the
                  | Orb.
     0 | D:1      | Reached XP level 1. HP: 13/13 MP: 3/3
   396 | D:1      | Gained mutation: You have sharp fingernails. [demonic
                  | ancestry]
   396 | D:1      | Reached XP level 2. HP: 19/19 MP: 0/5
   402 | D:1      | Reached skill level 5 in Necromancy
   936 | D:1      | Gained mutation: You have very sharp fingernails. [demonic
                  | ancestry]
   936 | D:1      | Reached XP level 3. HP: 24/24 MP: 4/6
   978 | D:1      | Found a faded altar of an unknown god.
  1813 | D:2      | Reached XP level 4. HP: 30/30 MP: 3/7
  2629 | D:3      | Reached skill level 6 in Necromancy
  2835 | D:3      | Found an opulent altar of Gozag.
  3070 | D:3      | Noticed Robin
  3115 | D:3      | Gained mutation: You may rarely emit foul miasma when
                  | damaged in melee. [demonic ancestry]
  3115 | D:3      | Reached XP level 5. HP: 32/35 MP: 1/9
  3227 | D:3      | Killed Robin
  3228 | D:3      | Reached skill level 1 in Unarmed Combat
  3730 | D:4      | Noticed a phantom
  3787 | D:4      | Killed a phantom
  3877 | D:4      | Gained mutation: A meltable shield of frost defends you.
                  | (SH +4) [demonic ancestry]
  3877 | D:4      | Reached XP level 6. HP: 34/41 MP: 5/10
  4076 | D:4      | Found a sand-covered staircase.
  4080 | D:4      | Identified the +1 trident of Nyijeufy {freeze, rPois Str+6}
  4096 | Ossuary  | Entered an ossuary
  4563 | Ossuary  | Gained mutation: You are partially covered in slimy green
                  | scales. (AC +2) [demonic ancestry]
  4563 | Ossuary  | Reached XP level 7. HP: 44/46 MP: 11/11
  4742 | D:4      | Reached skill level 1 in Armour
  4913 | D:4      | Noticed Ijyb
  4924 | D:4      | Killed Ijyb
  4968 | D:4      | Noticed Grinder
  5084 | D:4      | Paralysed by Grinder for 2 turns
  5091 | D:4      | Paralysed by Grinder for 5 turns
  5142 | D:4      | Paralysed by Grinder for 3 turns
  5169 | D:4      | Paralysed by Grinder for 4 turns
  5175 | D:4      | Killed Grinder
  5176 | D:4      | Reached XP level 8. HP: 15/52 MP: 12/12
  5403 | D:5      | Entered Level 5 of the Dungeon
  5714 | D:5      | You fall into a shaft and drop 3 floors!
  5935 | D:7      | Noticed a two-headed ogre
  5976 | D:6      | Found Ypowk's Antique Armour Boutique.
  6033 | D:6      | Noticed a hornet
  6041 | D:6      | Reached skill level 7 in Necromancy
  6067 | D:5      | Learned a level 3 spell: Vampiric Draining
  6175 | D:5      | Found an iron altar of Okawaru.
  6177 | D:5      | Found a sparkling altar of Nemelex Xobeh.
  6179 | D:5      | Found a stormy altar of Qazlal.
  6179 | D:5      | Found a radiant altar of Vehumet.
  6179 | D:5      | Found a shimmering altar of Xom.
  6234 | D:5      | Got Femagasourch's Anthology of Grim Poison
  6250 | D:5      | Found a broken altar of Ashenzari.
  6468 | D:6      | Killed a hornet
  6469 | D:6      | Reached skill level 8 in Necromancy
  6678 | D:6      | Reached skill level 9 in Necromancy
  6739 | D:6      | Reached XP level 9. HP: 21/57 MP: 1/15
  6866 | D:6      | Found a stormy altar of Qazlal.
  6963 | D:6      | Found a staircase to the Ecumenical Temple.
  7280 | Temple   | Entered the Ecumenical Temple
  7290 | Temple   | Became a worshipper of Yredelemnul the Dark
  7531 | D:7      | Reached skill level 10 in Necromancy
  7637 | D:7      | Reached * piety under Yredelemnul
  7866 | D:7      | Found a radiant altar of Vehumet.
  7882 | D:7      | Killed a two-headed ogre
  7882 | D:7      | Reached ** piety under Yredelemnul
  7883 | D:7      | Reached skill level 11 in Necromancy
  7891 | D:7      | Reached skill level 12 in Necromancy
  8002 | D:7      | Reached *** piety under Yredelemnul
  8625 | D:8      | Found a hide-covered altar of Uskayaw.
  8761 | D:8      | Gained mutation: A meltable icy envelope protects you from
                  | harm. (AC +4) [demonic ancestry]
  8761 | D:8      | Reached XP level 10. HP: 63/63 MP: 12/16
  8767 | D:8      | Reached skill level 13 in Necromancy
  9055 | D:8      | Noticed a two-headed ogre
  9070 | D:8      | Killed a two-headed ogre
  9422 | D:8      | Found a staircase to the Lair.
  9481 | D:8      | Found a sacrificial altar of Ru.
 10144 | D:8      | Reached skill level 14 in Necromancy
 10220 | D:9      | HP: 2/48 [wight/+3 long sword of draining (4)]
 10466 | D:9      | Noticed a two-headed ogre
 10477 | D:9      | Killed a two-headed ogre
 10478 | D:9      | Reached skill level 5 in Unarmed Combat
 10588 | D:9      | Noticed Erica
 10597 | D:9      | Noticed a four-headed hydra
 10603 | D:9      | Killed Erica
 10607 | D:9      | Your ally Erica died
 10630 | D:9      | Noticed a two-headed ogre
 10691 | D:9      | Killed a two-headed ogre
 11203 | D:9      | Found Tuit's Antique Armour Boutique.
 11285 | D:8      | Learned a level 4 spell: Anguish
 11414 | D:9      | Killed a four-headed hydra
 11415 | D:9      | Gained mutation: You sometimes emit foul miasma when
                  | damaged in melee. [demonic ancestry]
 11415 | D:9      | Reached XP level 11. HP: 54/68 MP: 0/17
 11801 | D:10     | Entered Level 10 of the Dungeon
 11890 | D:10     | Reached skill level 1 in Fighting
 12051 | D:10     | Found a staircase to the Orcish Mines.
 12054 | D:10     | Found Kauxuece's Armour Shoppe.
 12057 | D:10     | Noticed a two-headed ogre
 12065 | D:10     | Killed a two-headed ogre
 12217 | D:10     | Noticed Fannar
 12507 | D:10     | Found Nioschyap's General Store.
 13063 | Lair:1   | Entered Level 1 of the Lair of Beasts
 13079 | Lair:1   | Reached skill level 5 in Fighting
 13187 | Lair:1   | Noticed Gastronok
 13203 | Lair:1   | Killed Gastronok
 13204 | Lair:1   | Reached **** piety under Yredelemnul
 13604 | Lair:1   | Reached ***** piety under Yredelemnul
 13711 | Lair:1   | Identified the +9 hand axe "Gemajek" {pain, rC+ Int+4
                  | Dex-2}
 13987 | Lair:2   | Reached skill level 1 in Shields
 14295 | Lair:2   | Found a staircase to the Snake Pit.
 14305 | Lair:2   | Reached skill level 1 in Axes
 14412 | Lair:2   | Noticed a catoblepas
 14425 | Lair:2   | Killed a catoblepas
 14765 | Lair:2   | Reached XP level 12. HP: 91/91 MP: 18/18
 15083 | Lair:3   | Reached skill level 5 in Axes
 15269 | Lair:3   | Noticed a death yak
 15269 | Lair:3   | Noticed a death yak
 15269 | Lair:3   | Noticed a death yak
 15270 | Lair:3   | Noticed a death yak
 15272 | Lair:3   | Noticed a death yak
 15273 | Lair:3   | Noticed a death yak
 15275 | Lair:3   | Killed a death yak
 15284 | Lair:3   | Killed a death yak
 15299 | Lair:3   | Killed a death yak
 15310 | Lair:3   | Killed a death yak
 15326 | Lair:3   | Killed a death yak
 15337 | Lair:3   | Killed a death yak
 15788 | Lair:3   | Noticed Josephine
 15801 | Lair:3   | Killed Josephine
 15970 | Lair:3   | Found a staircase to the Shoals.
 16180 | Lair:4   | Noticed a six-headed hydra
 16200 | Lair:4   | Reached skill level 5 in Spellcasting
 16502 | Lair:4   | Gained mutation: Your magical and physical power is
                  | slightly enhanced at high health. [demonic ancestry]
 16502 | Lair:4   | Reached XP level 13. HP: 76/96 MP: 14/23
 16684 | Lair:4   | Reached ****** piety under Yredelemnul
 17113 | Lair:5   | Entered Level 5 of the Lair of Beasts
 17141 | Lair:5   | Reached skill level 5 in Dodging
 17326 | Lair:5   | Found a runed translucent door.
 17327 | Lair:5   | Found a viscous altar of Jiyva.
 17327 | Lair:5   | Noticed an azure jelly
 17328 | Lair:5   | Noticed an azure jelly
 17329 | Lair:5   | Found a staircase to the Slime Pits.
 17502 | Lair:5   | Reached skill level 1 in Invocations
 17579 | Lair:5   | Reached skill level 5 in Invocations
 17620 | Lair:5   | Identified the +3 shortbow of Impermanence {vorpal, rC++}
 17996 | Lair:5   | Reached skill level 10 in Invocations
 18108 | Lair:5   | Found a large runed translucent door.
 18108 | Lair:5   | Found a large runed translucent door.
 18110 | Lair:5   | Noticed a fire dragon
 18575 | Lair:5   | Killed a fire dragon
 18877 | Orc:1    | Entered Level 1 of the Orcish Mines
 18877 | Orc:1    | Found a runed translucent door.
 18878 | Orc:1    | Found a shimmering altar of Xom.
 18878 | Orc:1    | Noticed Soratza's ghost (journeyman MiFi)
 18947 | Orc:2    | Entered Level 2 of the Orcish Mines
 18959 | Orc:2    | Reached XP level 14. HP: 81/103 MP: 13/26
 19155 | Orc:2    | Noticed Rupert
 19238 | Orc:2    | Reached skill level 15 in Necromancy
 19554 | Orc:2    | Found a staircase to the Elven Halls.
 19569 | Orc:2    | Noticed Urug
 19580 | Orc:2    | Killed Urug
 19595 | Orc:2    | Your ally Urug died
 19626 | Orc:2    | Mangled by Rupert

Illustrated notes

Levels and vault maps discovered:
D:1:      lemuel_arrival_muddy, layout_rooms, hellmonk_ecumenical_altar_lost_god
D:2:      layout_basic
D:3:      minmay_roachtagon, layout_basic,
          nicolae_gozag_cash_rules_everything_around_me, gup_sewer_entry_glass,
          grunt_decor_resistance, uniq_robin
D:4:      layout_loops_cross, lightli_ossuary_entry_decrepit_ruins,
          roderic_batcave, uniq_grinder, uniq_ijyb
D:5:      layout_rooms, nicolae_overflow_crystal_walls, doesnt_xom_only_xom
D:6:      layout_basic, mainiacjoe_overflow_alcove_4,
          minmay_temple_entry_drinking_statues, kennysheep_windowed_goal
D:7:      minmay_spotlight, layout_cave_pools, vehumet_crystals, enter_bailey_6,
          chequers_serial_rivers_marsh
D:8:      layout_layer_cave, old_standard_altar,
          mainiacjoe_overflow_concentric_impassable, dpeg_oklobed_lair
D:9:      layout_basic, good_gods_mini_temple, serial_shops,
          kennysheep_little_box, uniq_erica
D:10:     layout_irregular_city, orc_david_3, serial_shops, shop, minivault_5,
          uniq_fannar
Temple:   nicolae_temple_no_exploring_needed
Lair:1:   layout_chaotic_city, st_stairs_11, cheibrodos_lair_reptile_den,
          lemuel_fruit_fields, uniq_gastronok
Lair:2:   layout_chaotic_city, dummy_snake_entry
Lair:3:   layout_regular_city, elwin_shoals_entry_rocks,
          chequers_serial_rivers_micro_c, grunt_megastairs_3, uniq_josephine
Lair:4:   layout_concentric_octagons, infiniplex_staircase_pool_2
Lair:5:   cheibrodos_lair_end_hotspot, layout_regular_city, slime_entry_2,
          lookout_lair_type
Orc:1:    layout_caves, ebering_ghost_xom
Orc:2:    st_orc_rangers, layout_caves, elves_outpost_lemuel, uniq_rupert,
          uniq_urug

Skill      XL: |  1  2  3  4  5  6  7  8  9 10 11 12 13 14 |
---------------+-------------------------------------------+-----
Necromancy     | 5 6 9 12 14 15 | 15.3
Spellcasting   | 3 4 6 8 |  8.0
Unarmed Combat | 3 8 |  8.1
Dodging        | 4 6 |  6.2
Armour         | 3 4 |  4.0
Fighting       | 7 |  7.3
Shields        | 4 |  4.1
Axes           | 3 9 |  9.0
Invocations    | 11 | 11.0
Long Blades    | |  0.2
Maces & Flails | |  0.2
Staves         | |  0.2
Ranged Weapons | |  0.2
Throwing       | |  0.2
Stealth        | |  1.7
Conjurations   | |  0.2
Hexes          | |  0.2
Summonings     | |  0.3
Translocations | |  0.2
Transmutations | |  0.2
Fire Magic     | |  0.2
Ice Magic      | |  0.2
Air Magic      | |  0.2
Earth Magic    | |  0.2
Poison Magic   | |  0.3
Evocations     | |  0.3

Action                   |  1- 3 |  4- 6 |  7- 9 | 10-12 | 13-15 || total
-------------------------+-------+-------+-------+-------+-------++-------
Melee: Unarmed           |    68 |   349 |   138 |   216 |       ||   771
       Short sword       |    22 |       |       |       |       ||    22
       Punch             |     1 |    16 |     8 |     7 |       ||    32
       Trident           |       |    66 |   113 |    15 |       ||   194
       Hand axe          |       |       |       |   164 |   177 ||   341
 Cast: Necrotise         |    43 |    73 |   166 |   102 |     3 ||   387
       Vampiric Draining |       |       |    25 |    45 |    34 ||   104
       Anguish           |       |       |       |    35 |    24 ||    59
Invok: Recall Undead Har |       |       |       |     1 |       ||     1
       Dark Bargain      |       |       |       |       |     2 ||     2
Evoke: Wand              |       |       |       |     2 |       ||     2
  Use: Potion            |       |       |     1 |       |     1 ||     2
       Scroll            |       |       |       |       |    16 ||    16
 Stab: Sleeping          |       |     2 |     1 |       |     1 ||     4
       Distracted        |       |       |     2 |     6 |     5 ||    13
Armor: Robe              |    10 |   173 |   121 |   180 |    81 ||   565
Dodge: Dodged            |    61 |   327 |   243 |   285 |   141 ||  1057
Block: Other             |    23 |    66 |    73 |    49 |       ||   211
       Buckler           |       |       |       |    94 |    86 ||   180

Table legend: (Time is in decaauts)
 A = Elapsed time spent in this place.
 B = Non-inter-level travel time spent in this place.
 C = Inter-level travel time spent in this place.
 D = Time resting spent in this place.
 E = Time spent auto-exploring this place.
 F = Levels seen in this place.
 G = Mean time per level.
                   A        B        C        D        E       F      G
               +--------+--------+--------+--------+--------+-----+--------+
         Total |  19693 |  18847 |    846 |    590 |  14015 |  19 | 1036.5 |
       Dungeon |  12521 |  11942 |    579 |    555 |   8983 |  10 | 1252.1 |
        Temple |     19 |     10 |      9 |      0 |      0 |   1 |   19.0 |
          Lair |   5760 |   5509 |    251 |     20 |   4491 |   5 | 1152.0 |
  Orcish Mines |    740 |    735 |      5 |     15 |    452 |   2 |  370.0 |
       Ossuary |    652 |    652 |      0 |      0 |     89 |   1 |  652.0 |
               +--------+--------+--------+--------+--------+-----+--------+

Top non-repeatable levels by time:
     D:8: 1843 daAuts
     D:9: 1805 daAuts
  Lair:5: 1577 daAuts
     D:1: 1347 daAuts
     D:3: 1307 daAuts
     D:7: 1205 daAuts
    D:10: 1170 daAuts
  Lair:3: 1150 daAuts
     D:6: 1116 daAuts
     D:2: 1112 daAuts
  Lair:2: 1098 daAuts
     D:4: 1014 daAuts
  Lair:4: 981 daAuts
  Lair:1: 953 daAuts
   Orc:2: 670 daAuts
